 Dungeon Crawl Stone Soup version 0.30.1-4-g462c640d31 (webtiles) character file.

Game seed: 6944948376088091216

98 pixierail the Insei (level 4, 0/29 HPs)
             Began as an Octopode Transmuter on Sept 2, 2023.
             Succumbed to a scorpion's poison
             ... on level 4 of the Dungeon.
             The game lasted 00:12:48 (2972 turns).

pixierail the Insei (Octopode Transmuter)           Turns: 2972, Time: 00:12:49

Health: 0/29       AC:  1    Str:  9    XL:     4   Next: 71%
Magic:  7/7        EV: 13    Int: 17    God:
Gold:   160        SH:  0    Dex: 12    Spells: 4/8 levels left

rFire   . .          .
                       - Unarmed
rCold   . . .        (no shield)
rNeg    . . .        (helmet currently unavailable)
rPois   .            (no amulet)
rElec   .            g - ring of wizardry
rCorr   .            (no ring)
SInv    .            (no ring)
Will    .....        (no ring)
Stlth   +++          (no ring)
HPRegen 0.24/turn    (no ring)
MPRegen 0.10/turn    (no ring)
                     (no ring)

%: wizardry (x1)
@: lethally poisoned (0 -> -22), appendages (expiring)
A: tentacle spike 3, almost no armour, amphibious, 8 rings, camouflage 1,
gelatinous body 1, nimble swimmer 1, tentacles
a: End Transformation


You were on level 4 of the Dungeon.
One of your tentacles had grown a beastly spike.
You visited 1 branch of the dungeon, and saw 4 of its levels.

You collected 160 gold pieces.

Inventory:

Jewellery
 g - a ring of wizardry (left tentacle)
Scrolls
 c - a scroll of summoning {unknown}
 d - 2 scrolls of identify {unknown}
 e - 2 scrolls of amnesia {unknown}
 k - a scroll of teleportation {unknown}
 l - a scroll of enchant armour {unknown}
 m - a scroll of noise {unknown}
Potions
 a - a potion of lignification
 b - 2 potions of heal wounds {unknown}
 f - a potion of invisibility {unknown}
 h - 3 potions of flight {unknown}
 i - 2 potions of curing {unknown}
 j - a potion of attraction {unknown}


   Skills:
 + Level 2.1 Fighting
 + Level 2.3 Dodging
 + Level 3.6 Unarmed Combat
 + Level 2.6 Spellcasting
 + Level 2.8 Transmutations


You had 4 spell levels left.
You knew the following spells:

 Your Spells              Type           Power      Damage    Failure   Level
a - Beastly Appendage     Tmut           24%        N/A       2%          1
b - Spider Form           Tmut/Pois      7%         N/A       12%         3

Your spell library contained the following spells:

 Spells                   Type           Power      Damage    Failure   Level
 Wereblood                Tmut           12%        N/A       3%          2
 Ice Form                 Ice/Tmut       7%         N/A       36%         4


Dungeon Overview and Level Annotations

Branches:
Dungeon (3/15)

Altars:

Shops:
D:1 *


Innate Abilities, Weirdness & Mutations

One of your tentacles has grown a beastly spike.
You cannot wear most types of armour.
You are amphibious.
You can wear up to eight rings at the same time.
Your skin changes colour to match your surroundings (Stealth+).
Your rubbery body absorbs attacks. (AC +1, EV +1)
You are camouflaged when in or above water. (Stealth+)
You have tentacles for arms and can constrict up to eight enemies at once.


Message History

The shaft crumbles and collapses.
Found 12 gold pieces.
Magic restored.
A scorpion comes into view.
Your transformation is almost over.
Your tentacle spike disappears.
You enter the deep water.
Casting: Beastly Appendage (safe; 2% risk of failure)
Confirm with . or Enter, or press ? or * to list all spells.
One of your tentacles grows a vicious spike.
Press: ? - help, v - describe, . - travel Some deep water.
A ball python comes into view.
Your transformation is almost over.
The scorpion closely misses you. The scorpion barely misses you.
You closely miss the scorpion.
The ball python hisses angrily.
You grab the scorpion. You constrict the scorpion. The scorpion stings you.
You are poisoned.
The scorpion poisons you!
You tentacle-slap the scorpion but do no damage.
The scorpion is lightly wounded.
You constrict the scorpion.
You feel sick. The scorpion stings you.
You tentacle-slap the scorpion but do no damage.
You squeeze the scorpion, but do no damage.
The scorpion is lightly wounded.
You constrict the scorpion.
You feel sick. The scorpion stings you.
You tentacle-slap the scorpion.
The scorpion is heavily wounded.
You constrict the scorpion, but do no damage.
You feel sick. The scorpion stings you.
* * * LOW HITPOINT WARNING * * *
You are lethally poisoned!
The scorpion poisons you!
You release your grip on the scorpion.
The scorpion attacks as you move away! The scorpion stings you.
* * * LOW HITPOINT WARNING * * *
You are more poisoned.
The scorpion poisons you!
You die...

...##. #. ......
... ##...# #...
#....##..#
##........
#...S..#
####.....###...
#≈≈≈≈≈@≈s≈≈≈≈≈≈
#≈#####≈.≈#####
#≈# ≈#≈.≈#≈≈≈ #≈#
$..... . #≈#
#≈.≈#≈≈≈ ..
#≈#####≈.≈#####≈..
#≈≈≈≈≈≈≈.≈≈≈≈≈≈≈.#
######....#....#
###......#


You could see a scorpion and a ball python.

Vanquished Creatures
  3 adders
  A worm (D:2)
  4 dart slugs
  5 ball pythons
  3 bats
  5 endoplasms
  4 giant cockroaches
  8 goblins
  8 hobgoblins
  2 jackals (D:3)
  3 kobolds
  2 quokkas
  2 frilled lizards (D:1)
  6 rats
56 creatures vanquished.

Notes
Turn   | Place    | Note
-------+----------+-------------------------------------------
     0 | D:1      | pixierail the Octopode Transmuter began the quest for the
                  | Orb.
     0 | D:1      | Reached XP level 1. HP: 13/13 MP: 3/3
   108 | D:1      | Reached XP level 2. HP: 7/18 MP: 5/5
   676 | D:1      | Reached XP level 3. HP: 23/23 MP: 4/6
   680 | D:1      | Learned a level 3 spell: Spider Form
  1081 | D:1      | Found Anul's General Store.
  1651 | D:2      | Reached XP level 4. HP: 27/29 MP: 5/7
  2788 | D:3      | Noticed a steam dragon
  2927 | D:3      | You fall into a shaft and drop 1 floor!
  2938 | D:4      | Noticed a scorpion
  2972 | D:4      | Succumbed to a scorpion's poison

Illustrated notes

Levels and vault maps discovered:
D:1:      minmay_arrival_four_houses, layout_loops_corners, serial_shops,
          nicolae_lakefront_shop
D:2:      layout_basic
D:3:      layout_loops_ring
D:4:      layout_cave_pools, zin_purify, makhleb_blood_cavern_becter,
          nicolae_overflow_two_pavilions, lemuel_doored_altar,
          gammafunk_ghost_mausoleum, serial_shops,
          nicolae_shop_temple_entry_statues_fountains, st_stairs_14

Skill      XL: |  1  2  3  4 |
---------------+-------------+-----
Fighting       | 2 |  2.1
Dodging        | |  2.3
Unarmed Combat | |  3.6
Spellcasting   | |  2.6
Transmutations | |  2.8

Action                     |  1- 3 |  4- 6 || total
---------------------------+-------+-------++-------
  Melee: Unarmed           |    82 |    46 ||   128
         Constrict         |    25 |    12 ||    37
         Tentacles         |    13 |    12 ||    25
         Kick              |    17 |    15 ||    32
         Punch             |     5 |       ||     5
   Cast: Beastly Appendage |    16 |    18 ||    34
   Stab: Sleeping          |     9 |     3 ||    12
 Armour: Skin              |     1 |     1 ||     2
  Dodge: Dodged            |    30 |    23 ||    53
